 Dungeon Crawl Stone Soup version 0.30.1-4-g462c640d31 (webtiles) character file.

Game seed: 509895545200834418

3635 Gorgoleon the Geomancer (level 10, -6/56 HPs)
             Began as a Gargoyle Earth Elementalist on Aug 19, 2023.
             Was a Follower of Vehumet.
             Mangled by Gastronok (17 damage)
             ... on level 8 of the Dungeon.
             The game lasted 00:33:16 (8421 turns).

Gorgoleon the Geomancer (GrEE)                      Turns: 8421, Time: 00:33:17

Health: -6/56      AC: 16    Str: 12    XL:     10   Next: 11%
Magic:  10/17      EV: 12    Int: 20    God:    Vehumet [*.....]
Gold:   381        SH:  5    Dex: 10    Spells: 5/19 levels left

rFire   . . .        g - +0 short sword (heavy)
rCold   . . .        j - +1 buckler
rNeg    + . .        a - +0 robe
rPois   ∞            (no helmet)
rElec   +            s - +0 cloak
rCorr   .            f - +0 pair of gloves
SInv    .            x - +0 pair of boots
Will    .....        (no amulet)
Stlth   ++           i - +4 ring of protection
HPRegen 0.29/turn    (no ring)
MPRegen 0.15/turn

%: no passive effects
@: slowed, very slow
A: sickness immunity, AC +7, negative energy resistance 1, electricity
resistance, torment resistance 1, petrification resistance
a: Renounce Religion


You were on level 8 of the Dungeon.
You worshipped Vehumet.
Vehumet was aware of your devotion.
You visited 2 branches of the dungeon, and saw 9 of its levels.

You collected 381 gold pieces.

Inventory:

Hand Weapons
 g - a +0 heavy short sword (weapon)
Missiles
 q - a throwing net
Armour
 a - a +0 robe (worn)
 f - a +0 pair of gloves (worn)
 j - a +1 buckler (worn)
 s - a +0 cloak (worn)
 x - a +0 pair of boots (worn)
Jewellery
 h - an amulet of the acrobat
 i - a +4 ring of protection (left hand)
 k - a ring of ice
Wands
 m - a wand of flame (13)
 n - a wand of charming (28)
Scrolls
 c - 3 scrolls of immolation
 d - 2 scrolls of fear
 e - 3 scrolls of teleportation
 l - a scroll of magic mapping
 t - 2 scrolls of identify
 v - a scroll of fog
Potions
 b - a potion of magic
 o - 2 potions of attraction
 p - 2 potions of might
 r - a potion of curing


   Skills:
 - Level 3.0 Fighting
 - Level 3.0 Dodging
 - Level 2.1 Stealth
 - Level 3.0 Shields
 - Level 5.0 Spellcasting
 * Level 5.0 Conjurations
 * Level 2.0 Transmutations
 * Level 5.0 Fire Magic
 * Level 12.0 Earth Magic


You had 5 spell levels left.
You knew the following spells:

 Your Spells              Type           Power      Damage    Failure   Level
a - Sandblast             Erth           100%       2d20      1%          1
b - Stone Arrow           Conj/Erth      78%        3d11      1%          3
c - Passwall              Tmut/Erth      27%        N/A       1%          2
d - Petrify               Tmut/Erth      33%        N/A       9%          4
e - Sticky Flame          Conj/Fire      25%        2d5       21%         4

Your spell library contained the following spells:

 Spells                   Type           Power      Damage    Failure   Level
 Shock                    Conj/Air       60%        1d6       5%          1
 Slow                     Hex            20%        N/A       16%         1
 Volatile Blastmotes      Fire/Tloc      30%        2d12      17%         3
 Ignite Poison            Fire/Tmut/Pois 14%        N/A       19%         3
 Poisonous Vapours        Pois/Air       10%        N/A       24%         2
 Confusing Touch          Hex            5%         N/A       43%         3
 Portal Projectile        Hex/Tloc       10%        N/A       43%         3
 Tukima's Dance           Hex            5%         N/A       43%         3
 Vampiric Draining        Necr           5%         2d6       43%         3
 Blade Hands              Tmut           6%         N/A       88%         5
 Ignition                 Fire           12%        3d6       100%        8


Dungeon Overview and Level Annotations

Branches:
Dungeon (8/15)             Temple (1/1) D:7            Lair (0/5) D:8

Altars:
Ashenzari
Cheibriados
Dithmenos
Elyvilon
Hepliaklqana
Kikubaaqudgha
Makhleb
Nemelex Xobeh
Okawaru
Qazlal
Ru
Sif Muna
Trog
Uskayaw
Vehumet
Wu Jian
Xom
Yredelemnul
Zin
The Shining One

Shops:
D:8 (

Annotations:
D:8 Gastronok


Innate Abilities, Weirdness & Mutations

You are immune to sickness and miasma.
Your stone body is resilient. (AC +7)
You are immune to poison.
You resist negative energy. (rN+)
You are resistant to electric shocks. (rElec)
You are resistant to unholy torment.
You are immune to petrification.


Message History

Gastronok waves his eye-stalks in wide circles.
The air twists around and strikes you!
Aiming: Sandblast (safe; 1% risk of failure)
Press: ? - help, Q - select action, (/) - cycle Shift-Dir - straight line, f/p - Gastronok
Aim: Gastronok, wearing a +0 hat (heavily wounded, 100% to hit)
The blast of sand hits Gastronok.
Gastronok is heavily wounded.
Gastronok chants a spell, wobbling all the while.
Gastronok puts on a burst of speed!
Aiming: Sandblast (safe; 1% risk of failure)
Press: ? - help, Q - select action, (/) - cycle Shift-Dir - straight line, f/p - Gastronok
Aim: Gastronok, wearing a +0 hat (heavily wounded, covering ground quickly, 100% to hit)
The blast of sand hits Gastronok!!
Gastronok is severely wounded.
Gastronok waves his eye-stalks in wide circles.
The air twists around and strikes you!
* * * LOW HITPOINT WARNING * * *
You feel better.
Gastronok's eyestalks quiver as he mumbles some strange words.
Aiming: Sandblast (safe; 1% risk of failure)
Press: ? - help, Q - select action, (/) - cycle Shift-Dir - straight line, f/p - Gastronok
Aim: Gastronok, wearing a +0 hat (severely wounded, covering ground quickly, 100% to hit)
The blast of sand hits Gastronok!!
Gastronok is almost dead.
The rat closely misses you.
The quokka bites you but does no damage.
You block the rat's attack.
Aiming: Sandblast (safe; 1% risk of failure)
Press: ? - help, Q - select action, (/) - cycle Shift-Dir - straight line, f/p - Gastronok
Aim: Gastronok, wearing a +0 hat (almost dead, covering ground quickly, 100% to hit)
The blast of sand hits Gastronok!!
Gastronok is almost dead.
The quokka barely misses you. The rat barely misses you.
The quokka bites you but does no damage.
Gastronok bites you!
* * * LOW HITPOINT WARNING * * *
The quokka misses you. You block the rat's attack.
The quokka bites you but does no damage.
The rat closely misses you. Gastronok bites you!
You die...

#. ##########...# ##...#...##...#
######.........#...########
######..................##.....##
.......###..............#........
....######.......................
###.........)..)@r..#....<.>.....
###......###...#rw.##....÷)......
....###### #####)†)...##.........
..###### #...†#.......>...>
#∩.....##### ##.#.####.........
######.....# ..#..# ##........ .#
#####.# #......# ##.....## .###
### #......# #####.# .y.##
.w.....$. .#


You could see Gastronok (swift), a quokka (summoned) and a rat (summoned).

Vanquished Creatures
  Maurice (D:8)
  A hornet (D:7)
  Grinder (D:6)
  6 yaks (D:7)
  Sigmund (D:2)
  Menkaure (D:4)
  Edmund (D:5)
  A water moccasin (D:7)
  2 orc warriors (D:7)
  A black bear (D:8)
  An ogre (D:6)
  2 phantoms
  3 bullfrogs
  A scorpion (D:6)
  3 killer bees (D:8)
  A howler monkey (D:8)
  5 hounds
  2 jellies
  2 orc priests
  A sleepcap (D:6)
  A gnoll bouda (D:5)
  An iguana (D:7)
  5 orc wizards
  3 gnolls (D:5)
  4 adders
  A white imp (D:7)
  3 worms
  A dart slug (D:1)
  13 orcs
  8 ball pythons
  2 bats
  7 endoplasms
  2 giant cockroaches
  8 goblins
  5 hobgoblins
  6 jackals
  4 quokkas
  2 frilled lizards (D:1)
  7 kobolds
  5 rats
125 creatures vanquished.

Notes
Turn   | Place    | Note
-------+----------+-------------------------------------------
     0 | D:1      | Gorgoleon the Gargoyle Earth Elementalist began the quest
                  | for the Orb.
     0 | D:1      | Reached XP level 1. HP: 10/10 MP: 3/3
   129 | D:1      | Reached skill level 4 in Earth Magic
   152 | D:1      | Reached skill level 1 in Transmutations
   219 | D:1      | Reached XP level 2. HP: 15/15 MP: 1/5
   676 | D:1      | Reached XP level 3. HP: 19/19 MP: 6/6
   680 | D:1      | Learned a level 3 spell: Stone Arrow
   683 | D:1      | Learned a level 2 spell: Passwall
   760 | D:1      | Reached skill level 5 in Earth Magic
  1209 | D:2      | Noticed Sigmund
  1457 | D:2      | Reached XP level 4. HP: 24/24 MP: 5/7
  1507 | D:2      | Found a shimmering altar of Xom.
  1934 | D:2      | Killed Sigmund
  1935 | D:2      | Reached skill level 1 in Fighting
  1935 | D:2      | Reached skill level 1 in Shields
  1935 | D:2      | Reached skill level 1 in Conjurations
  1935 | D:2      | Reached XP level 5. HP: 19/29 MP: 4/9
  2161 | D:3      | Reached XP level 6. HP: 34/34 MP: 8/10
  2168 | D:3      | Learned a level 4 spell: Petrify
  2205 | D:3      | Found an iron altar of Okawaru.
  2359 | D:3      | Found a hazy altar of Hepliaklqana.
  2365 | D:3      | Found a burning altar of Makhleb.
  2425 | D:3      | Found a sacrificial altar of Ru.
  2781 | D:4      | Noticed Menkaure
  2788 | D:4      | Killed Menkaure
  3255 | D:5      | Entered Level 5 of the Dungeon
  3321 | D:5      | Reached XP level 7. HP: 39/39 MP: 10/12
  3397 | D:5      | Noticed Edmund
  3409 | D:5      | HP: 1/39 [Edmund/+0 heavy dire flail (16)]
  3413 | D:5      | Killed Edmund
  3414 | D:5      | Reached skill level 6 in Earth Magic
  3563 | D:5      | Found an ancient bone altar of Kikubaaqudgha.
  3883 | D:5      | Reached skill level 7 in Earth Magic
  4356 | D:6      | Reached skill level 8 in Earth Magic
  4402 | D:6      | Reached XP level 8. HP: 44/44 MP: 8/14
  4489 | D:6      | Reached skill level 9 in Earth Magic
  4839 | D:6      | Found a radiant altar of Vehumet.
  4849 | D:6      | Became a worshipper of Vehumet
  4999 | D:6      | Found a shadowy altar of Dithmenos.
  5069 | D:6      | Noticed Grinder
  6035 | D:6      | Paralysed by Grinder for 5 turns
  6040 | D:6      | Killed Grinder
  6041 | D:6      | Reached skill level 10 in Earth Magic
  6376 | D:7      | Found a staircase to the Ecumenical Temple.
  6386 | D:7      | Got the Information on Intoxication and the Coals
  6390 | Temple   | Entered the Ecumenical Temple
  6396 | Temple   | Learned a level 4 spell: Sticky Flame
  6774 | D:7      | Reached skill level 1 in Fire Magic
  6774 | D:7      | Reached skill level 11 in Earth Magic
  7176 | D:7      | Reached XP level 9. HP: 48/48 MP: 12/15
  7319 | D:7      | Noticed a hornet
  7322 | D:7      | Killed a hornet
  7670 | D:8      | Found a staircase to the Lair.
  7841 | D:7      | Reached skill level 12 in Earth Magic
  7843 | D:7      | Reached skill level 5 in Spellcasting
  8258 | D:8      | Found Baeziv's Antique Weapon Emporium.
  8298 | D:8      | Found a snail-covered altar of Cheibriados.
  8309 | D:8      | Noticed Maurice
  8336 | D:8      | Reached * piety under Vehumet
  8336 | D:8      | Offered knowledge of Shock by Vehumet.
  8342 | D:8      | Reached XP level 10. HP: 42/56 MP: 11/17
  8342 | D:8      | Killed Maurice
  8343 | D:8      | Reached skill level 5 in Conjurations
  8344 | D:8      | Reached skill level 5 in Fire Magic
  8400 | D:8      | Noticed Gastronok
  8421 | D:8      | Mangled by Gastronok

Illustrated notes

Levels and vault maps discovered:
D:1:      nzn_arrival_depleted_hourglass, layout_basic
D:2:      layout_rooms, basic_altar, uniq_sigmund
D:3:      layout_rooms, mainiacjoe_overflow_surrounded_room,
          chequers_temple_overflow_statue_of_worship, old_standard_altar
D:4:      layout_rooms, uniq_menkaure
D:5:      layout_loops_ring, mainiacjoe_overflow_cross_hatched,
          minmay_misc_feat_four_crosses, chequers_garden, kennysheep_nub,
          uniq_edmund
D:6:      layout_gridville, mainiacjoe_overflow_24_doors,
          nicolae_vehumet_radiance, hangedman_decor_growths, dk_noncrumbling_3,
          uniq_grinder
D:7:      layout_basic, minmay_temple_entry_slanted, lemuel_flamethrower_2
D:8:      layout_rooms, nicolae_overflow_crystal_walls, grunt_gozag_breadcrumbs,
          lair_entry_dummy, serial_shops, shop, uniq_gastronok, uniq_maurice
Temple:   nicolae_temple_ecumenical_triangle

Skill      XL: |  1  2  3  4  5  6  7  8  9 10 |
---------------+-------------------------------+-----
Earth Magic    | 4 5 8 11 12 | 12.0
Transmutations | 1 2 |  2.0
Fighting       | 1 2 3 |  3.0
Shields        | 1 2 3 |  3.0
Spellcasting   | 3 4 5 |  5.0
Conjurations   | 1 2 4 5 |  5.0
Dodging        | 2 3 |  3.0
Fire Magic     | 1 4 5 |  5.0
Stealth        | |  2.1

Action                     |  1- 3 |  4- 6 |  7- 9 | 10-12 || total
---------------------------+-------+-------+-------+-------++-------
  Melee: Staff             |     7 |       |       |       ||     7
         Short sword       |    36 |    35 |     8 |       ||    79
   Cast: Sandblast         |    42 |    37 |   143 |    14 ||   236
    Use: Scroll            |     6 |     2 |    11 |       ||    19
         Potion            |       |     2 |     7 |     1 ||    10
 Armour: Robe              |    25 |    18 |    40 |     3 ||    86
  Dodge: Dodged            |    33 |    28 |    38 |     5 ||   104
  Block: Buckler           |     5 |     6 |    22 |     2 ||    35
